AoeStats
← enano traumado

Black Forest

506024366Analyzed
1v1 RM · 21d ago on Sep 12, 2026· 52m 58s· 2 players
Game mode
Random Map
Map size
Tiny (2 player)
Population
200
Speed
Normal
Resources
Standard
Victory
Conquest
Starting age
Dark Age
Ending age
Imperial Age
RankedLock teamsTeams togetherTeam positionsShared explorationLock speedFull tech treeHidden civsTurbo modeCheats
Victory
Defeat
🇨🇱 Mapuche · Chile
470
+11
🇦🇷 Byzantines · Argentina
350
-11
enano traumado
11:46 Feudal Age
13:14 Double-Bit Axe
13:30 Horse Collar
13:43 Gold Mining
14:35 Wheelbarrow
17:48 Stone Mining
20:41 Castle Age
20:45 Arson
20:20 Man-at-Arms
21:17 Forging
21:07 Scale Mail Armor
21:12 Scale Barding Armor
22:05 Bow Saw
22:33 Stone Shaft Mining
22:37 Gold Shaft Mining
23:32 Heavy Plow
25:17 Hand Cart
31:02 Imperial Age
29:08 Treadmill Crane
29:50 Ballistics
29:26 Murder Holes
29:44 Fortified Wall
29:45 Loom
29:34 Long Swordsman
30:09 Gambesons
29:45 Pikeman
30:27 Squires
32:19 Iron Casting
31:59 Chain Mail Armor
32:04 Chain Barding Armor
31:35 Fletching
31:45 Padded Archer Armor
31:09 Elite Skirmisher
32:33 Crop Rotation
34:03 Two-Man Saw
36:41 Chemistry
35:07 Two-Handed Swordsman
35:07 Halberdier
35:55 Bodkin Arrow
36:16 Leather Archer Armor
38:04 Thumb Ring
38:41 Ring Archer Armor
39:34 Bracer
40:05 Plate Mail Armor
39:55 Chain Barding Armor
40:28 Champion
41:19 Onager
43:00 Plate Barding Armor
47:03 Conscription
46:14 Elite Cataphract
49:33 Light Cavalry
jake_el_perro
14:43 Feudal Age
15:06 Horse Collar
15:12 Double-Bit Axe
15:17 Gold Mining
15:18 Stone Mining
16:51 Wheelbarrow
15:52 Champi Runner
17:34 Arson
18:00 Loom
24:30 Castle Age
25:00 Champi Warrior
25:01 Pikeman
26:39 Heavy Plow
26:50 Bow Saw
27:15 Gold Shaft Mining
27:23 Gold Shaft Mining
28:56 Hand Cart
30:47 Stone Shaft Mining
34:23 Imperial Age
36:17 Butalmapu
37:17 Elite Kona
38:55 Sappers
39:38 Malon
40:52 Onager
43:39 Elite Champi Warrior
Connection lost

Rejoining the realm…

Still unreachable

The connection could not be restored.

Session expired

The server has moved on; the page needs a fresh start.